SAA
LONG ISLAND SEAWOLVES @ DURHAM RAPIERS
05/18/2025
 
TOP OF THE 1ST
Long Island Seawolves batting - Pitching for Durham Rapiers : RHP Francisco Martínez
Pitching: RHP Francisco Martínez
Batting: SHB Jim Unknown 0-0: Called Strike
0-1: Ball
1-1: Ball
2-1: Foul Ball, location: 2F
2-2: Strikes out swinging
Batting: RHB Francisco García 0-0: Ball
1-0: Swinging Strike
1-1: Ball
2-1: Foul Ball, location: 2F
2-2: Ball
3-2: Strikes out swinging
Batting: RHB Arturo Morales 0-0: Ball
1-0: Ground out 6-3 (Groundball, 6)
Top of the 1st over - 0 run(s), 0 hit(s), 0 error(s), 0 left on base; Long Island 0 - Durham 0
BOTTOM OF THE 1ST
Durham Rapiers batting - Pitching for Long Island Seawolves : LHP Jim Unknown
Pitching: LHP Jim Unknown
Batting: RHB Jesús Martínez 0-0: Ball
1-0: Bunt missed!
1-1: Foul Ball, location: 2F
1-2: Ground out 1-3 (Groundball, 15)
Batting: RHB Luis Martínez 0-0: Fly out, F6 (Popup, 6D)
Batting: RHB Jules Winnfield 0-0: Ball
1-0: Ball
2-0: Ground out 4-3 (Groundball, 34)
Bottom of the 1st over - 0 run(s), 0 hit(s), 0 error(s), 0 left on base; Long Island 0 - Durham 0
TOP OF THE 2ND
Long Island Seawolves batting - Pitching for Durham Rapiers : RHP Francisco Martínez
Batting: RHB Tim Taylor 0-0: Ball
1-0: Swinging Strike
1-1: Ball
2-1: Foul Ball, location: 2F
2-2: Ball
3-2: Foul Ball, location: 2F
3-2: Base on Balls
Batting: LHB Jim Unknown 0-0: Ball
1-0: Foul Ball, location: 2F
1-1: Ball
2-1: Ball
3-1: Called Strike
3-2: Strikes out swinging
Batting: RHB Fred Burt 0-0: Swinging Strike
0-1: Foul Ball, location: 2F
0-2: Ball
1-2: Strikes out looking
Batting: SHB Jim Unknown 0-0: Called Strike
0-1: Ball
1-1: Ball
2-1: SINGLE (Line Drive, 6MD)
Tim Taylor to second
Batting: RHB Andrés Gonzáles 0-0: Ball
1-0: Ground out 5-3 (Groundball, 56S)
Top of the 2nd over - 0 run(s), 1 hit(s), 0 error(s), 2 left on base; Long Island 0 - Durham 0
BOTTOM OF THE 2ND
Durham Rapiers batting - Pitching for Long Island Seawolves : LHP Jim Unknown
Batting: RHB Vincent Klein 0-0: Called Strike
0-1: Called Strike
0-2: Ball
1-2: Ball
2-2: Strikes out swinging
Batting: RHB Sean Godron 0-0: Ground out 1-3 (Groundball, 13S)
Batting: RHB Luis Dávila 0-0: Called Strike
0-1: Fly out, F7 (Flyball, 7)
Bottom of the 2nd over - 0 run(s), 0 hit(s), 0 error(s), 0 left on base; Long Island 0 - Durham 0
TOP OF THE 3RD
Long Island Seawolves batting - Pitching for Durham Rapiers : RHP Francisco Martínez
Batting: LHB SaQwan Hackett 0-0: Called Strike
0-1: Foul Ball, location: 2F
0-2: Ball
1-2: Strikes out swinging
Batting: SHB Jim Unknown 0-0: Called Strike
0-1: Foul Ball, location: 2F
0-2: Foul Ball, location: 2F
0-2: Foul Ball, location: 2F
0-2: Ball
1-2: Strikes out swinging
Batting: RHB Francisco García 0-0: Foul Ball, location: 2F
0-1: Ball
1-1: Foul Ball, location: 2F
1-2: Ball
2-2: Foul Ball, location: 2F
2-2: Fly out, F4 (Popup, 34)
Top of the 3rd over - 0 run(s), 0 hit(s), 0 error(s), 0 left on base; Long Island 0 - Durham 0
BOTTOM OF THE 3RD
Durham Rapiers batting - Pitching for Long Island Seawolves : LHP Jim Unknown
Batting: RHB António Díaz 0-0: Called Strike
0-1: Ball
1-1: Called Strike
1-2: Ball
2-2: Ball
3-2: Reached on error, E5 (Groundball, 56S)
Batting: RHB Jorge López 0-0: Called Strike
0-1: Fly out, F6 (Line Drive, 6M)
Batting: RHB Alberto Rodríguez 0-0: Swinging Strike
0-1: SINGLE (Line Drive, 7LM)
António Díaz to third
Batting: RHB Jesús Martínez 0-0: Ball
1-0: Ball
Alberto Rodríguez steals 2nd base
2-0: Ground out 4-3 (Groundball, 4M)
António Díaz scores
Alberto Rodríguez to third
Batting: RHB Luis Martínez 0-0: Ground out 6-3 (Groundball, 6M)
Bottom of the 3rd over - 1 run(s), 1 hit(s), 1 error(s), 1 left on base; Long Island 0 - Durham 1
TOP OF THE 4TH
Long Island Seawolves batting - Pitching for Durham Rapiers : RHP Francisco Martínez
Batting: RHB Arturo Morales 0-0: Called Strike
0-1: Foul Ball, location: 2F
0-2: Strikes out swinging
Batting: RHB Tim Taylor 0-0: Called Strike
0-1: Ball
1-1: Swinging Strike
1-2: Foul Ball, location: 2F
1-2: Ground out 6-3 (Groundball, 6)
Batting: LHB Jim Unknown 0-0: Called Strike
0-1: Swinging Strike
0-2: Ground out 6-3 (Groundball, 6M)
Top of the 4th over - 0 run(s), 0 hit(s), 0 error(s), 0 left on base; Long Island 0 - Durham 1
BOTTOM OF THE 4TH
Durham Rapiers batting - Pitching for Long Island Seawolves : LHP Jim Unknown
Batting: RHB Jules Winnfield 0-0: SINGLE (Line Drive, 4M)
Batting: RHB Vincent Klein 0-0: Ball
1-0: Foul Ball, location: 2F
1-1: Ball
2-1: Ball
3-1: SINGLE (Groundball, 6MD)
Jules Winnfield to second
Batting: RHB Sean Godron 0-0: Foul Ball, location: 2F
0-1: Foul Ball, location: 2F
0-2: DOUBLE (Line Drive, 8RXD)
Jules Winnfield scores
Vincent Klein to third
Batting: RHB Luis Dávila 0-0: SINGLE (Groundball, 6D)
Vincent Klein scores
Sean Godron to third
Batting: RHB António Díaz 0-0: Ball
Luis Dávila steals 2nd base
1-0: Called Strike
1-1: Foul Ball, location: 2F
1-2: Fly out, F2 (Popup, 23)
Batting: RHB Jorge López 0-0: Foul Ball, location: 2F
0-1: Fly out, F9 (Flyball, 89S)
Throwing error, E9
Sean Godron scores
Luis Dávila to third
Batting: RHB Alberto Rodríguez 0-0: Called Strike
0-1: Ball
1-1: Swinging Strike
1-2: Strikes out looking
Bottom of the 4th over - 3 run(s), 4 hit(s), 1 error(s), 1 left on base; Long Island 0 - Durham 4
TOP OF THE 5TH
Long Island Seawolves batting - Pitching for Durham Rapiers : RHP Francisco Martínez
Batting: RHB Fred Burt 0-0: Ball
1-0: Foul Ball, location: 2F
1-1: Ball
2-1: SOLO HOME RUN (Flyball, 7LD), Distance : 356 ft
Batting: SHB Jim Unknown 0-0: Ball
1-0: Ball
2-0: Called Strike
2-1: Fly out, F9 (Line Drive, 9)
Batting: RHB Andrés Gonzáles 0-0: Swinging Strike
0-1: Ball
1-1: SINGLE (Groundball, 6MD)
Batting: LHB SaQwan Hackett 0-0: Swinging Strike
0-1: Ball
1-1: Ball
2-1: Foul Ball, location: 2F
2-2: Ball
Andrés Gonzáles steals 2nd base
3-2: Strikes out swinging
Batting: SHB Jim Unknown 0-0: Called Strike
0-1: Ball
1-1: Ball
2-1: Ball
3-1: Foul Ball, location: 2F
3-2: Reached on error, E1 (Groundball, 13S)
Andrés Gonzáles to third
Batting: RHB Francisco García 0-0: Ball
1-0: Called Strike
1-1: Foul Ball, location: 2F
1-2: Foul Ball, location: 2F
1-2: Fly out, F7 (Line Drive, 7D)
Top of the 5th over - 1 run(s), 2 hit(s), 1 error(s), 2 left on base; Long Island 1 - Durham 4
BOTTOM OF THE 5TH
Durham Rapiers batting - Pitching for Long Island Seawolves : LHP Jim Unknown
Batting: RHB Jesús Martínez 0-0: Ball
1-0: Ground out 5-3 (Groundball, 5)
Batting: RHB Luis Martínez 0-0: Foul Ball, location: 2F
0-1: Ball
1-1: Ball
2-1: Ball
3-1: SINGLE (Line Drive, 6D)
Batting: RHB Jules Winnfield 0-0: Ball
1-0: Ball
2-0: Foul Ball, location: 2F
2-1: Foul Ball, location: 2F
2-2: Fly out, F4 (Popup, 34D)
Batting: RHB Vincent Klein 0-0: Called Strike
0-1: Ball
1-1: 2-RUN HOME RUN (Flyball, 89XD), Distance : 414 ft
Batting: RHB Sean Godron 0-0: Called Strike
0-1: Ball
1-1: Ball
2-1: Called Strike
2-2: Ball
3-2: Foul Ball, location: 2F
3-2: SINGLE (Line Drive, 6MD)
Batting: RHB Luis Dávila 0-0: Called Strike
0-1: Ball
1-1: Called Strike
1-2: Ground out 6-3 (Groundball, 6)
Bottom of the 5th over - 2 run(s), 3 hit(s), 0 error(s), 1 left on base; Long Island 1 - Durham 6
TOP OF THE 6TH
Long Island Seawolves batting - Pitching for Durham Rapiers : RHP Francisco Martínez
Batting: RHB Arturo Morales 0-0: Called Strike
0-1: SINGLE (Flyball, 78S)
Pitching: RHP Roberto Rodríguez
Batting: RHB Tim Taylor 0-0: Called Strike
0-1: Fly out, F9 (Flyball, 9LM)
Batting: LHB Jim Unknown 0-0: Swinging Strike
Arturo Morales is caught stealing 2nd base
0-1: Fly out, F8 (Flyball, 8LM)
Top of the 6th over - 0 run(s), 1 hit(s), 0 error(s), 0 left on base; Long Island 1 - Durham 6
BOTTOM OF THE 6TH
Durham Rapiers batting - Pitching for Long Island Seawolves : LHP Jim Unknown
Pitching: RHP Jim Unknown
Batting: RHB António Díaz 0-0: Ball
1-0: SINGLE (Line Drive, 78S)
Batting: RHB Jorge López 0-0: Ball
1-0: Foul Ball, location: 2F
1-1: Called Strike
1-2: Strikes out swinging
Batting: RHB Alberto Rodríguez 0-0: 2-RUN HOME RUN (Flyball, 78XD), Distance : 432 ft
Batting: RHB Jesús Martínez 0-0: Swinging Strike
0-1: Fly out, F8 (Flyball, 8RM)
Batting: RHB Luis Martínez 0-0: Fly out, F8 (Flyball, 8LM)
Bottom of the 6th over - 2 run(s), 2 hit(s), 0 error(s), 0 left on base; Long Island 1 - Durham 8
TOP OF THE 7TH
Long Island Seawolves batting - Pitching for Durham Rapiers : RHP Roberto Rodríguez
Batting: RHB Fred Burt 0-0: Ball
1-0: Ball
2-0: Swinging Strike
2-1: Ball
3-1: Base on Balls
Batting: SHB Jim Unknown 0-0: Ball
1-0: Foul Ball, location: 2F
1-1: Foul Ball, location: 2F
1-2: Strikes out looking
Batting: RHB Andrés Gonzáles 0-0: Ball
1-0: Ball
2-0: 2-RUN HOME RUN (Flyball, 7D), Distance : 380 ft
Batting: LHB SaQwan Hackett 0-0: Ball
1-0: Ball
2-0: Ball
3-0: Called Strike
3-1: Base on Balls
Batting: SHB Jim Unknown 0-0: Called Strike
0-1: SINGLE (Groundball, 4D)
SaQwan Hackett to second
Runner from 2nd tries for 3rd, SAFE, throw made to third
Jim Unknown to second
Batting: RHB Francisco García 0-0: Ground out 6-3 (Groundball, 6)
SaQwan Hackett scores
Jim Unknown to third
Pitching: RHP Daryl Thomas
Batting: RHB Arturo Morales 0-0: Called Strike
0-1: Ball
1-1: 2-RUN HOME RUN (Flyball, 89XD), Distance : 413 ft
Batting: RHB Tim Taylor 0-0: Called Strike
0-1: Fly out, F7 (Line Drive, 7LM)
Top of the 7th over - 5 run(s), 3 hit(s), 0 error(s), 0 left on base; Long Island 6 - Durham 8
BOTTOM OF THE 7TH
Durham Rapiers batting - Pitching for Long Island Seawolves : RHP Jim Unknown
Batting: RHB Jules Winnfield 0-0: Ball
1-0: Foul Ball, location: 2F
1-1: Swinging Strike
1-2: Foul Ball, location: 2F
1-2: Strikes out swinging
Batting: RHB Vincent Klein 0-0: Ball
1-0: Ball
2-0: Ball
3-0: Called Strike
3-1: Fly out, F9 (Flyball, 9S)
Batting: RHB Sean Godron 0-0: Fly out, F9 (Flyball, 9D)
Bottom of the 7th over - 0 run(s), 0 hit(s), 0 error(s), 0 left on base; Long Island 6 - Durham 8
TOP OF THE 8TH
Long Island Seawolves batting - Pitching for Durham Rapiers : RHP Daryl Thomas
Batting: LHB Jim Unknown 0-0: Called Strike
0-1: SOLO HOME RUN (Flyball, 8RXD), Distance : 435 ft
Pitching: RHP Hänsel Freeh
Batting: RHB Fred Burt 0-0: Swinging Strike
0-1: Called Strike
0-2: Ball
1-2: Ball
2-2: Strikes out swinging
Pitching: LHP Henry Vandenberg
Batting: SHB Jim Unknown 0-0: Ball
1-0: Called Strike
1-1: Ground out 4-3 (Groundball, 4)
Pitching: RHP José Morales
Batting: RHB Andrés Gonzáles 0-0: Called Strike
0-1: Foul Ball, location: 2F
0-2: Foul Ball, location: 2F
0-2: Foul Ball, location: 2F
0-2: Strikes out swinging
Top of the 8th over - 1 run(s), 1 hit(s), 0 error(s), 0 left on base; Long Island 7 - Durham 8
BOTTOM OF THE 8TH
Durham Rapiers batting - Pitching for Long Island Seawolves : RHP Jim Unknown
Batting: RHB Luis Dávila 0-0: Called Strike
0-1: Ball
1-1: Called Strike
1-2: Ball
2-2: Strikes out swinging
Batting: RHB António Díaz 0-0: Ball
1-0: Ground out 1-3 (Groundball, 15)
Batting: RHB Jorge López 0-0: Ball
1-0: Swinging Strike
1-1: Foul Ball, location: 2F
1-2: Strikes out looking
Bottom of the 8th over - 0 run(s), 0 hit(s), 0 error(s), 0 left on base; Long Island 7 - Durham 8
TOP OF THE 9TH
Long Island Seawolves batting - Pitching for Durham Rapiers : RHP José Morales
Pitching: LHP Asher Spivey
Now in LF: Alberto Arredondo
Batting: LHB SaQwan Hackett 0-0: Called Strike
0-1: Swinging Strike
0-2: Strikes out swinging
Pinch Hitting: RHB José Magana 0-0: Ball
1-0: DOUBLE (Line Drive, 8LD)
Batting: RHB Francisco García 0-0: SINGLE (Groundball, 4MD)
José Magana to third
Runner from 3rd tries for Home, SAFE, throw made home
Francisco García to second
Batting: RHB Arturo Morales 0-0: Intentional Walk
Batting: RHB Tim Taylor 0-0: Called Strike
0-1: Foul Ball, location: 2F
0-2: Ball
1-2: Ball
2-2: Fly out, F4 (Popup, 4)
Pinch Hitting: RHB Jim Unknown 0-0: Called Strike
0-1: Ball
1-1: Ball
2-1: Ball
3-1: Foul Ball, location: 2F
3-2: Strikes out looking
Top of the 9th over - 1 run(s), 2 hit(s), 0 error(s), 2 left on base; Long Island 8 - Durham 8
BOTTOM OF THE 9TH
Durham Rapiers batting - Pitching for Long Island Seawolves : RHP Jim Unknown
Pitching: RHP Jim Unknown
Now at SS: Jim Unknown
Now in CF: Jim Unknown
Pinch Hitting: RHB Blair Sweeny 0-0: Ball
1-0: Ball
2-0: Ball
3-0: Called Strike
3-1: DOUBLE (Flyball, 7LM)
Batting: RHB Jesús Martínez 0-0: Ground out 4-3 (Groundball, 4)
Blair Sweeny to third
Batting: LHB Alberto Arredondo 0-0: Intentional Walk
Pinch Hitting: LHB Mayer Röhricht 0-0: Ball
1-0: Ball
2-0: Called Strike
2-1: Foul Ball, location: 2F
2-2: Strikes out looking
Batting: RHB Vincent Klein 0-0: Called Strike
0-1: Ball
1-1: Swinging Strike
1-2: Fly out, F9 (Flyball, 9S)
Bottom of the 9th over - 0 run(s), 1 hit(s), 0 error(s), 2 left on base; Long Island 8 - Durham 8
TOP OF THE 10TH
Long Island Seawolves batting - Pitching for Durham Rapiers : LHP Asher Spivey
Now in LF: Mayer Röhricht
Batting: RHB Fred Burt 0-0: Ball
Now in RF: Tae-shik Ch'oe 1-0: Ball
2-0: SINGLE (Groundball, 6D)
Pinch Runner at 1st Jim Unknown:
Batting: SHB Jim Unknown 0-0: Ball
1-0: Sac Bunt - play at first, batter OUT! 5-4
Jim Unknown to second
Batting: RHB Andrés Gonzáles 0-0: Called Strike
Jim Unknown steals 3rd base
0-1: SINGLE (Groundball, 34)
Jim Unknown scores
Pitching: LHP Jim Unknown
Batting: LHB SaQwan Hackett 0-0: Called Strike
0-1: Ground out 3-1 (Groundball, 34S)
Andrés Gonzáles to second
Batting: SHB Jim Unknown 0-0: Ball
1-0: SINGLE (Groundball, 25) (infield hit)
Andrés Gonzáles to third
Batting: RHB Francisco García 0-0: Ball
1-0: Foul Ball, location: 2F
1-1: Foul Ball, location: 2F
1-2: Ball
2-2: Ball
3-2: Base on Balls
Jim Unknown to second
Batting: RHB Arturo Morales 0-0: Ball
1-0: Ball
2-0: Ball
3-0: Called Strike
3-1: Swinging Strike
3-2: TRIPLE (Flyball, 8LXD)
Andrés Gonzáles scores
Jim Unknown scores
Francisco García scores
Batting: RHB Tim Taylor 0-0: Ball
1-0: Swinging Strike
1-1: Foul Ball, location: 2F
1-2: Hit by Pitch
Batting: RHB Jim Unknown 0-0: Ball
1-0: Foul Ball, location: 2F
1-1: Ball
2-1: Fielders Choice at 2nd, 5-4 (Groundball, 5)
Top of the 10th over - 4 run(s), 4 hit(s), 0 error(s), 1 left on base; Long Island 12 - Durham 8
BOTTOM OF THE 10TH
Durham Rapiers batting - Pitching for Long Island Seawolves : RHP Jim Unknown
Batting: RHB Sean Godron 0-0: Swinging Strike
0-1: Ball
1-1: Foul Ball, location: 2F
1-2: Ground out 6-3 (Groundball, 6)
Batting: RHB Luis Dávila 0-0: Foul Ball, location: 2F
0-1: Ball
1-1: Foul Ball, location: 2F
1-2: Ball
2-2: Foul Ball, location: 2F
2-2: Ball
3-2: Foul Ball, location: 2F
3-2: Strikes out looking
Batting: RHB António Díaz 0-0: Swinging Strike
0-1: Ball
1-1: Ball
2-1: Foul Ball, location: 2F
2-2: Fly out, F9 (Flyball, 9)
Bottom of the 10th over - 0 run(s), 0 hit(s), 0 error(s), 0 left on base; Long Island 12 - Durham 8
Friday, December 30th, 2016 - OOTP Baseball 17.12 Build 75